 Dungeon Crawl Stone Soup version 0.30-a0-883-g5ad918d77d (webtiles) character file.

Game seed: 14817424470504042485

259 Cecky the Conjurer (level 6, -1/44 HPs)
             Began as a Gnoll Conjurer on Feb 22, 2023.
             Slain by a black bear (5 damage)
             ... on level 4 of the Dungeon on Mar 17, 2023.
             The game lasted 00:10:16 (3307 turns).

Cecky the Conjurer (Gnoll Conjurer)                 Turns: 3307, Time: 00:10:16

Health: -1/44      AC:  4    Str:  7    XL:     6   Next: 17%
Magic:  14/14      EV: 12    Int: 19    God:
Gold:   165        SH:  4    Dex: 10    Spells: 14/15 levels left

rFire   . . .      SeeInvis .    v - +1 dagger (drain)
rCold   . . .      Faith    .    o - +0 buckler
rNeg    . . .      Spirit   .    a - +0 robe
rPois   .          Reflect  .    (no helmet)
rElec   .          Rampage  .    n - +1 cloak
rCorr   .                        (no gloves)
Will    .....                    (no boots)
Stlth   ++                       k - amulet of magic regeneration
HPRegen 0.27/turn                (no ring)
MPRegen 0.54/turn                (no ring)

@: about to teleport
A: fangs 1, strong nose, distributed training
a: no special abilities


You were on level 4 of the Dungeon.
You visited 1 branch of the dungeon, and saw 4 of its levels.

You collected 165 gold pieces.

Inventory:

Hand Weapons
 v - a +1 dagger of draining (weapon)
Armour
 a - a +0 robe (worn)
 n - a +1 cloak (worn)
 o - a +0 buckler (worn)
Jewellery
 k - an amulet of magic regeneration (around neck)
Scrolls
 f - 3 scrolls of enchant armour
 l - a scroll of fear
 s - a scroll of teleportation
 u - a scroll of enchant weapon {unknown}
 y - a scroll of brand weapon {unknown}
Potions
 b - 2 potions of magic
 c - a potion of degeneration {unknown}
 e - a potion of heal wounds {unknown}
 j - a potion of haste {unknown}
 p - a potion of curing
 t - 2 potions of lignification {unknown}
 w - 2 potions of might
 x - a potion of resistance


   Skills:
 + Level 1.9 Fighting
 + Level 1.9 Short Blades
 + Level 1.9 Long Blades
 + Level 1.9 Axes
 + Level 1.9 Maces & Flails
 + Level 1.9 Polearms
 + Level 1.9 Staves
 + Level 1.9 Ranged Weapons
 + Level 1.9 Throwing
 + Level 1.9 Armour
 + Level 5.0 Dodging
 + Level 4.6 Stealth
 + Level 1.9 Shields
 + Level 1.9 Unarmed Combat
 + Level 5.3 Spellcasting
 + Level 7.3 Conjurations
 + Level 1.5 Hexes
 + Level 1.5 Summonings
 + Level 1.5 Necromancy
 + Level 1.5 Translocations
 + Level 1.5 Transmutations
 + Level 1.5 Fire Magic
 + Level 1.5 Ice Magic
 + Level 1.5 Air Magic
 + Level 1.5 Earth Magic
 + Level 1.5 Poison Magic
 + Level 2.1 Invocations
 + Level 1.9 Evocations


You had 14 spell levels left.
You knew the following spells:

 Your Spells              Type           Power      Damage    Failure   Level
a - Magic Dart            Conj           100%       1d8       1%          1

Your spell library contained the following spells:

 Spells                   Type           Power      Damage    Failure   Level
 Searing Ray              Conj           64%        2d6       1%          2
 Dazzling Flash           Conj/Hex       42%        N/A       8%          3
 Fulminant Prism          Conj/Hex       10%        3d8       26%         4
 Iskenderun's Mystic Bla  Conj/Tloc      21%        2d6       26%         4


Dungeon Overview and Level Annotations

Branches:
Dungeon (4/15)
 Temple: D:4-7

Altars:

Shops:
D:3 (


Innate Abilities, Weirdness & Mutations

You have very sharp teeth.
Your uncanny sense of smell can sniff out nearby items.
Your experience applies equally to all skills.


Message History

Aiming: Magic Dart (safe; 1% risk of failure)
Press: ? - help, Shift-Dir - straight line, f/p - black bear
Aim: a black bear (severely wounded, 100% to hit)
The magic dart hits the black bear.
The black bear is almost dead.
The black bear goes berserk!
Casting: Magic Dart (safe; 1% risk of failure)
Confirm with . or Enter, or press ? or * to list all spells.
Aiming: Magic Dart (safe; 1% risk of failure)
Press: ? - help, Shift-Dir - straight line, f/p - black bear
Aim: a black bear (almost dead, berserk, 100% to hit)
The magic dart hits the black bear.
The black bear is almost dead.
The black bear bites you! The black bear claws you.
The black bear claws you but does no damage.
The black bear closely misses you. The black bear claws you.
The black bear closely misses you. The black bear bites you!
The black bear closely misses you.
The black bear claws you but does no damage.
The black bear attacks as you move away!
The black bear misses you. The black bear claws you. x2
The black bear bites you.
* * * LOW HITPOINT WARNING * * *
You block the black bear's attack. The black bear claws you.
* * * LOW HITPOINT WARNING * * *
Okay, then.
You can't see any enemies this would affect, really read the scroll of fear?
Okay, then.
Okay, then.
As you read the scroll labelled TEHUEC MEAX, it crumbles to dust.
You feel strangely unstable.
It was a scroll of teleportation.
The black bear barely misses you. You block the black bear's attack.
The black bear barely misses you.
The black bear bites you but does no damage.
You block the black bear's attack. The black bear closely misses you.
The black bear attacks as you move away!
The black bear bites you.
* * * LOW HITPOINT WARNING * * *
You block the black bear's attack. The black bear claws you.
You die...

### *** ****** #.# *,** *,,,,*
##.# *,,,
*,,,,***############..#########.,
*,,,,*,,...............>..<.....,
*,,,∆,,***#####.@.####..#######.*
*,,,,*** ###h### ##.######*,*
*,,,,* ###...# #...<..##,* *,,,,*
#...### ######..#,, **,*** #.###
##.#** *,* ###.# #.# * *.##*
#...# #.# * *,..* #.### *****
#.##* **#.* #w# *,,,* #..#


You could see a black bear (berserk).

Vanquished Creatures
  A hound (D:4)
  An iguana (D:4)
  Jessica (D:2)
  A sleepcap (D:3)
  Natasha (thrice) (D:2)
  An adder (D:2)
  A worm (D:2)
  3 dart slugs
  3 orcs (D:3)
  5 ball pythons
  6 endoplasms
  3 giant cockroaches
  4 goblins
  4 hobgoblins
  2 jackals (D:2)
  6 kobolds
  2 quokkas (D:1)
  2 bats
  2 frilled lizards
  5 rats
56 creatures vanquished.

Notes
Turn   | Place    | Note
-------+----------+-------------------------------------------
     0 | D:1      | Cecky the Gnoll Conjurer began the quest for the Orb.
     0 | D:1      | Reached XP level 1. HP: 13/13 MP: 6/6
    14 | D:1      | Upgraded the game from 0.30-a0-782-ge64f9170bb to
                  | 0.30-a0-883-g5ad918d77d
   184 | D:1      | Reached XP level 2. HP: 19/19 MP: 5/7
   637 | D:1      | Reached skill level 5 in Spellcasting
   637 | D:1      | Reached XP level 3. HP: 23/25 MP: 6/9
   997 | D:2      | Reached skill level 1 in Invocations
  1180 | D:2      | Noticed Natasha
  1187 | D:2      | Killed Natasha
  1188 | D:2      | Reached skill level 1 in Fighting
  1188 | D:2      | Reached skill level 1 in Short Blades
  1188 | D:2      | Reached skill level 1 in Long Blades
  1188 | D:2      | Reached skill level 1 in Axes
  1188 | D:2      | Reached skill level 1 in Maces & Flails
  1188 | D:2      | Reached skill level 1 in Polearms
  1188 | D:2      | Reached skill level 1 in Staves
  1188 | D:2      | Reached skill level 1 in Ranged Weapons
  1188 | D:2      | Reached skill level 1 in Throwing
  1188 | D:2      | Reached skill level 1 in Armour
  1188 | D:2      | Reached skill level 1 in Shields
  1188 | D:2      | Reached skill level 1 in Unarmed Combat
  1188 | D:2      | Reached skill level 1 in Evocations
  1188 | D:2      | Reached XP level 4. HP: 27/32 MP: 6/11
  1217 | D:2      | Reached skill level 1 in Hexes
  1217 | D:2      | Reached skill level 1 in Summonings
  1217 | D:2      | Reached skill level 1 in Necromancy
  1217 | D:2      | Reached skill level 1 in Translocations
  1217 | D:2      | Reached skill level 1 in Transmutations
  1217 | D:2      | Reached skill level 1 in Fire Magic
  1217 | D:2      | Reached skill level 1 in Ice Magic
  1217 | D:2      | Reached skill level 1 in Air Magic
  1217 | D:2      | Reached skill level 1 in Earth Magic
  1217 | D:2      | Reached skill level 1 in Poison Magic
  1277 | D:2      | Noticed Jessica
  1284 | D:2      | Killed Jessica
  1472 | D:2      | Noticed Natasha
  1477 | D:2      | Killed Natasha
  1477 | D:2      | Noticed Natasha
  1478 | D:2      | Reached XP level 5. HP: 37/37 MP: 9/12
  1485 | D:2      | Killed Natasha
  2750 | D:3      | Found Kekhleugh's Antique Weapon Shop.
  3081 | D:4      | Reached XP level 6. HP: 31/44 MP: 9/14
  3107 | D:3      | Reached skill level 5 in Dodging
  3280 | D:4      | Noticed a black bear
  3307 | D:4      | Slain by a black bear

Illustrated notes

Levels and vault maps discovered:
D:1:      minmay_arrival_jagged, layout_loops_ring, minmay_split_cup_large
D:2:      layout_basic, minmay_hedge_maze, dk_noncrumbling_3, uniq_natasha,
          uniq_jessica
D:3:      layout_basic, serial_shops, shop
D:4:      layout_rooms, hangedman_minor_gate_pass

Skill      XL: |  1  2  3  4  5  6 |
---------------+-------------------+-----
Spellcasting   | 5 |  5.3
Invocations    | 1 2 |  2.1
Fighting       | 1 |  1.9
Short Blades   | 1 |  1.9
Long Blades    | 1 |  1.9
Axes           | 1 |  1.9
Maces & Flails | 1 |  1.9
Polearms       | 1 |  1.9
Staves         | 1 |  1.9
Ranged Weapons | 1 |  1.9
Throwing       | 1 |  1.9
Armour         | 1 |  1.9
Shields        | 1 |  1.9
Unarmed Combat | 1 |  1.9
Evocations     | 1 |  1.9
Hexes          | 1 |  1.5
Summonings     | 1 |  1.5
Necromancy     | 1 |  1.5
Translocations | 1 |  1.5
Transmutations | 1 |  1.5
Fire Magic     | 1 |  1.5
Ice Magic      | 1 |  1.5
Air Magic      | 1 |  1.5
Earth Magic    | 1 |  1.5
Poison Magic   | 1 |  1.5
Dodging        | 5 |  5.0
Stealth        | |  4.6
Conjurations   | |  7.3

Action                     |  1- 3 |  4- 6 || total
---------------------------+-------+-------++-------
  Melee: Dagger            |       |     5 ||     5
         Bite              |       |     1 ||     1
   Cast: Magic Dart        |    71 |    86 ||   157
    Use: Scroll            |       |    10 ||    10
         Potion            |       |     1 ||     1
 Armour: Robe              |     2 |     7 ||     9
  Dodge: Dodged            |     9 |    18 ||    27
  Block: Buckler           |       |     8 ||     8

Table legend: (Time is in decaauts)
 A = Elapsed time spent in this place.
 B = Non-inter-level travel time spent in this place.
 C = Inter-level travel time spent in this place.
 D = Time resting spent in this place.
 E = Time spent auto-exploring this place.
 F = Levels seen in this place.
 G = Mean time per level.
                   A        B        C        D        E       F      G
               +--------+--------+--------+--------+--------+-----+--------+
         Total |   3305 |   3128 |    177 |    540 |   2150 |   4 |  826.2 |
       Dungeon |   3305 |   3128 |    177 |    540 |   2150 |   4 |  826.2 |
               +--------+--------+--------+--------+--------+-----+--------+

Top non-repeatable levels by time:
     D:2: 1211 daAuts
     D:3: 875 daAuts
     D:1: 845 daAuts
     D:4: 373 daAuts
